 Dungeon Crawl Stone Soup version 0.29.0-11-gd7f09526c8 (webtiles) character file.

Game seed: 5009041109233593042

5686 leavemydog the Thaumaturge (level 10, -1/51 HPs)
             Began as a Deep Elf Conjurer on Sept 6, 2022.
             Was a Believer of Vehumet.
             Slain by a yak (6 damage)
             ... on level 9 of the Dungeon.
             The game lasted 00:17:09 (9618 turns).

leavemydog the Thaumaturge (Deep Elf Conjurer)      Turns: 9618, Time: 00:17:10

Health: -1/51      AC:  5    Str:  4    XL:     10   Next: 47%
Magic:  3/28       EV: 12    Int: 28    God:    Vehumet [**....]
Gold:   507        SH:  0    Dex: 13    Spells: 22/33 levels left

rFire   + . .      SeeInvis .   D - +2 dagger (venom)
rCold   + . .      Faith    .   (no shield)
rNeg    . . .      Spirit   .   a - +2 robe
rPois   .          Reflect  .   (no helmet)
rElec   .          Harm     .   (no cloak)
rCorr   .          Rampage  .   r - +0 pair of gloves
Will    ++...                   (no boots)
Stlth   ++........              (no amulet)
HPRegen 0.17/turn               x - ring of willpower
MPRegen 0.21/turn               C - ring of protection from fire

@: no status effects
A: hooves 1, cold resistance 1, subdued magic 1
a: Renounce Religion


You were on level 9 of the Dungeon.
You worshipped Vehumet.
Vehumet was pleased with you.
You visited 1 branch of the dungeon, and saw 9 of its levels.

You collected 507 gold pieces.

Inventory:

Hand Weapons
 D - a +2 dagger of venom (weapon)
Missiles
 e - a throwing net
Armour
 a - a +2 robe (worn)
 r - a +0 pair of gloves (worn)
Jewellery
 q - a ring of ice
 x - a ring of willpower (left hand)
 C - a ring of protection from fire (right hand)
Wands
 g - a wand of quicksilver (19)
 l - a wand of flame (67)
 o - a wand of digging (7)
 t - a wand of polymorph (12)
 y - a wand of charming (9)
Scrolls
 d - 2 scrolls of teleportation
 h - a scroll of vulnerability {unknown}
 j - 2 scrolls of immolation {unknown}
 s - a scroll of poison {unknown}
 u - 2 scrolls of silence {unknown}
 v - a scroll of fear {unknown}
 w - a scroll of amnesia {unknown}
 A - a scroll of identify
Potions
 b - 4 potions of magic
 c - 2 potions of flight
 f - 2 potions of cancellation {unknown}
 i - a potion of resistance {unknown}
 k - 2 potions of might
 m - 2 potions of heal wounds
 n - a potion of haste {unknown}
 z - 3 potions of curing
 B - a potion of invisibility {unknown}


   Skills:
 + Level 0.4 Fighting
 - Level 2.4 Dodging
 - Level 2.4 Stealth
 + Level 12.4 Spellcasting
 + Level 11.4 Conjurations
 * Level 6.6 Hexes
 * Level 6.9 Translocations


You had 22 spell levels left.
You knew the following spells:

 Your Spells              Type           Power      Damage    Failure   Level
a - Magic Dart            Conj           100%       1d8       0%          1
b - Searing Ray           Conj           100%       2d8       1%          2
c - Iskenderun's Mystic   Conj/Tloc      52%        2d11      1%          4
d - Fulminant Prism       Conj/Hex       25%        3d14      1%          4

Your spell library contained the following spells:

 Spells                   Type           Power      Damage    Failure   Level
 Poisonous Vapours        Pois/Air       26%        N/A       3%          2
 Ensorcelled Hibernation  Hex/Ice        54%        N/A       1%          2
 Dazzling Flash           Conj/Hex       100%       N/A       1%          3
 Beastly Appendage        Tmut           26%        N/A       2%          1
 Passwall                 Tmut/Erth      10%        N/A       3%          2
 Wereblood                Tmut           13%        N/A       3%          2
 Spider Form              Tmut/Pois      13%        N/A       8%          3
 Swiftness                Air            13%        N/A       8%          3


Dungeon Overview and Level Annotations

Branches:
Dungeon (9/15)             Temple (0/1) D:5
   Lair: D:8-11         Orc: D:9-12

Altars:
Elyvilon
Gozag
Hepliaklqana
Nemelex Xobeh
Sif Muna
Vehumet
Xom

Shops:
D:3 [   D:4 =


Innate Abilities, Weirdness & Mutations

You have large cloven feet.
Your flesh is cold resistant. (rC+)
Your spells are a little easier to cast, but a little less powerful.


Message History

The yak gores you.
You hit the yak but do no damage.
The yak is poisoned.
You kick the yak, but do no damage.
The yak is heavily wounded.
The yak gores you but does no damage.
You hit the yak.
The yak looks as sick as possible!
Your kick misses the yak.
The yak is heavily wounded.
The yak closely misses you.
You hit the yak.
The yak looks as sick as possible!
You kick the yak.
The yak is severely wounded.
The yak gores you!
* * * LOW HITPOINT WARNING * * *
You feel much better. The yak gores you!
You barely miss the yak. You kick the yak. You punch the yak, but do no damage.
The yak is almost dead.
The yak gores you but does no damage.
You hit the yak.
The yak looks as sick as possible!
You kick the yak.
The yak is almost dead.
You kill the yak!
Vehumet accepts your kill.
You barely miss the yak. Your kick misses the yak. You punch the yak.
The yak is severely wounded.
The yak gores you.
* * * LOW HITPOINT WARNING * * *
You completely miss the yak. You kick the yak, but do no damage.
The yak is severely wounded.
The yak gores you!
* * * LOW HITPOINT WARNING * * *
You feel much better. The yak gores you!
* * * LOW HITPOINT WARNING * * *
You hit the yak.
The yak is poisoned.
The yak is severely wounded.
The yak closely misses you. The yak attacks as you move away!
The yak gores you!
* * * LOW HITPOINT WARNING * * *
Casting: Searing Ray (safe; 1% risk of failure)
Confirm with . or Enter, or press ? or * to list all spells.
You don't have enough magic to cast this spell.
The yak attacks as you move away! The yak gores you.
You die...

†o. #'# #.#### #Y)†.#
####.# #######'####
#..........###+#########
#.......†..##...........
#..........†.Y@.........
+..........##...........
#..........##...........
######+######...>.......
####'####### #..# ##.#
#.## #..#


You could see a yak (very poisoned).

Vanquished Creatures
  Pikel (D:5)
  Prince Ribbit (D:7)
  Grinder (D:3)
  Sigmund (D:5)
  8 yaks (D:9)
  2 wyverns
  Menkaure (D:5)
  2 orc warriors
  2 black bears (D:7)
  2 sky beasts
  An ice beast (D:6)
  An ogre (D:7)
  An elf zombie (D:6)
  2 kobold brigands
  2 lemures (D:5)
  A necrophage (D:6)
  7 bullfrogs
  A scorpion (D:4)
  An elf skeleton (D:6)
  A gnoll sergeant (D:9)
  5 wights (D:7)
  6 killer bees (D:8)
  A howler monkey (D:5)
  A jelly (D:5)
  6 hounds
  3 orc priests
  Jessica (D:2)
  Ijyb (D:3)
  A human skeleton (D:6)
  12 orc wizards
  4 gnolls (D:9)
  14 adders
  2 white imps
  An ufetubus (D:6)
  2 worms
  A dart slug (D:1)
  16 orcs
  5 bats
  2 endoplasms
  10 hobgoblins
  7 jackals
  6 quokkas
  7 ball pythons
  2 frilled lizards (D:3)
  7 goblins
  8 kobolds
  2 orc skeletons (D:6)
  4 rats
176 creatures vanquished.

Vanquished Creatures (others)
  6 fulminant prisms
6 creatures vanquished.

Grand Total: 182 creatures vanquished

Notes
Turn   | Place    | Note
-------+----------+-------------------------------------------
     0 | D:1      | leavemydog the Deep Elf Conjurer began the quest for the
                  | Orb.
     0 | D:1      | Reached XP level 1. HP: 10/10 MP: 6/6
   155 | D:1      | Found a faded altar of an unknown god.
   390 | D:1      | Reached XP level 2. HP: 15/15 MP: 6/8
   393 | D:1      | Learned a level 2 spell: Searing Ray
   512 | D:1      | Reached skill level 5 in Conjurations
  1394 | D:2      | Reached XP level 3. HP: 19/19 MP: 5/9
  1474 | D:2      | Noticed Jessica
  1476 | D:2      | Killed Jessica
  1513 | D:2      | Reached XP level 4. HP: 24/24 MP: 7/11
  1594 | D:2      | Learned a level 4 spell: Iskenderun's Mystic Blast
  1979 | D:3      | Noticed Grinder
  1989 | D:3      | Killed Grinder
  1990 | D:3      | Reached skill level 4 in Spellcasting
  1990 | D:3      | Reached skill level 1 in Translocations
  1990 | D:3      | Reached XP level 5. HP: 18/28 MP: 0/14
  2094 | D:3      | Reached XP level 6. HP: 21/32 MP: 9/15
  2322 | D:3      | Noticed Ijyb
  2332 | D:3      | Killed Ijyb
  2333 | D:3      | Reached skill level 5 in Spellcasting
  2685 | D:3      | Found a sparkling altar of Nemelex Xobeh.
  2714 | D:3      | Found Ytuiq's Antique Armour Emporium.
  2779 | D:3      | You fall into a shaft and drop 3 floors!
  3049 | D:6      | Noticed an ice beast
  3055 | D:6      | Killed an ice beast
  3056 | D:6      | Reached XP level 7. HP: 36/36 MP: 8/17
  3206 | D:6      | Reached skill level 6 in Spellcasting
  3919 | D:6      | Found a hazy altar of Hepliaklqana.
  4152 | D:5      | Entered Level 5 of the Dungeon
  4152 | D:5      | Found an opulent altar of Gozag.
  4181 | D:5      | Reached skill level 7 in Spellcasting
  4254 | D:5      | Noticed Sigmund
  4653 | D:4      | Reached XP level 8. HP: 37/41 MP: 3/21
  4810 | D:3      | Found a shimmering altar of Xom.
  4810 | D:3      | Found a shimmering blue altar of Sif Muna.
  4987 | D:3      | Gained mutation: You are partially covered in iridescent
                  | scales. (AC +2) [potion of mutation]
  4987 | D:3      | Gained mutation: You have sharp toenails. [potion of
                  | mutation]
  4987 | D:3      | Gained mutation: Your spells are a little easier to cast,
                  | but a little less powerful. [potion of mutation]
  4987 | D:3      | Gained mutation: You have razor-sharp toenails. [potion of
                  | mutation]
  4988 | D:3      | Lost mutation: You have razor-sharp toenails. [potion of
                  | mutation]
  4988 | D:3      | Lost mutation: You are partially covered in iridescent
                  | scales. (AC +2) [potion of mutation]
  4988 | D:3      | Lost mutation: You have sharp toenails. [potion of
                  | mutation]
  4988 | D:3      | Gained mutation: You have large cloven feet. [potion of
                  | mutation]
  4988 | D:3      | Gained mutation: Your flesh is cold resistant. (rC+)
                  | [potion of mutation]
  5028 | D:4      | Found a radiant altar of Vehumet.
  5054 | D:4      | Became a worshipper of Vehumet
  5146 | D:4      | Found Pampisuy's Jewellery Shop.
  5251 | D:4      | Learned a level 4 spell: Fulminant Prism
  5435 | D:5      | Noticed Menkaure
  5443 | D:5      | Killed Menkaure
  5444 | D:5      | Reached skill level 8 in Spellcasting
  5444 | D:5      | Reached skill level 1 in Hexes
  5570 | D:5      | Noticed Pikel
  5580 | D:5      | Killed Pikel
  5581 | D:5      | Reached skill level 9 in Spellcasting
  5884 | D:5      | Found a staircase to the Ecumenical Temple.
  5960 | D:5      | Killed Sigmund
  5961 | D:5      | Reached skill level 5 in Translocations
  5961 | D:5      | Reached XP level 9. HP: 36/45 MP: 16/24
  6585 | D:7      | Noticed Prince Ribbit
  6959 | D:7      | Killed Prince Ribbit
  6960 | D:7      | Reached skill level 10 in Spellcasting
  7118 | D:7      | Reached skill level 10 in Conjurations
  7546 | D:7      | Reached * piety under Vehumet
  7546 | D:7      | Offered knowledge of Sandblast by Vehumet.
  7733 | D:7      | Reached skill level 11 in Spellcasting
  7816 | D:7      | Reached skill level 5 in Hexes
  8036 | D:7      | Found a white marble altar of Elyvilon.
  9025 | D:8      | Reached XP level 10. HP: 28/50 MP: 17/27
  9446 | D:9      | Offered knowledge of Poisonous Vapours by Vehumet.
  9448 | D:9      | Reached ** piety under Vehumet
  9582 | D:9      | Reached skill level 12 in Spellcasting
  9618 | D:9      | Slain by a yak

Illustrated notes

Levels and vault maps discovered:
D:1:      evilmike_arrival_rings, layout_loops_ring,
          hellmonk_ecumenical_altar_leap_of_faith
D:2:      layout_basic, uniq_jessica
D:3:      layout_rooms, nemelex_spade_bored_becter,
          gammafunk_temple_overflow_elements, serial_shops,
          nicolae_shop_statue_plus, uniq_ijyb, uniq_grinder
D:4:      layout_rooms, kennysheep_mini, serial_shops, shop_statue
D:5:      layout_rooms, nicolae_gozag_cash_rules_everything_around_me,
          temple_statues, uniq_pikel, uniq_menkaure, uniq_sigmund
D:6:      layout_layer_cave, mainiacjoe_overflow_brackets,
          nicolae_ossuary_entry_catacombs
D:7:      black_bear_nest_1, layout_cave_pools, marbit_many_paths,
          uniq_prince_ribbit1
D:8:      layout_basic
D:9:      layout_roguey, mainiacjoe_overflow_concentric_impassable,
          lair_entry_dummy, minivault_16, hangedman_abyss_or_decor_clamps,
          uniq_maurice

Skill      XL: |  1  2  3  4  5  6  7  8  9 10 |
---------------+-------------------------------+-----
Conjurations   | 5 6 7 8 9 10 11 | 11.4
Spellcasting   | 4 5 7 9 11 12 | 12.4
Translocations | 1 2 3 5 6 |  6.9
Hexes          | 3 5 6 |  6.6
Fighting       | |  0.4
Dodging        | |  2.4
Stealth        | |  2.4

Action                   |  1- 3 |  4- 6 |  7- 9 | 10-12 || total
-------------------------+-------+-------+-------+-------++-------
Melee: Whip              |       |     1 |    11 |       ||    12
       Kick              |       |       |     2 |     5 ||     7
       Dagger            |       |       |       |     9 ||     9
       Punch             |       |       |       |     2 ||     2
 Cast: Magic Dart        |    49 |    77 |   214 |    23 ||   363
       Searing Ray       |     1 |     9 |    40 |     9 ||    59
       Fulminant Prism   |       |       |     3 |     3 ||     6
       Iskenderun's Myst |       |       |     8 |     5 ||    13
  Use: Scroll            |       |       |    11 |       ||    11
       Potion            |       |       |     2 |     2 ||     4
 Stab: Sleeping          |       |       |     1 |       ||     1
Armor: Robe              |       |     9 |    13 |     8 ||    30
Dodge: Dodged            |     1 |    10 |    55 |    15 ||    81
